 Dungeon Crawl Stone Soup version 0.28.0-53-g5a82cb258f (webtiles) character file.

Game seed: 3620982943128878546

88 bnorton916 the Magician (level 4, -5/24 HPs)
             Began as a Deep Elf Fire Elementalist on July 22, 2022.
             Slain by Crazy Yiuf
             ... wielding a +3 quarterstaff of chaos
              (11 damage)
             ... on level 2 of the Dungeon.
             The game lasted 00:02:34 (2288 turns).

bnorton916 the Magician (DEFE)                      Turns: 2288, Time: 00:02:35

Health: -5/24      AC:  2    Str:  5    XL:     4   Next: 30%
Magic:  5/12       EV: 12    Int: 22    God:
Gold:   20         SH:  0    Dex: 15    Spells: 5/11 levels left

rFire   . . .      SeeInvis .   (no weapon)
rCold   . . .      Faith    .   (no shield)
rNeg    . . .      Spirit   .   a - +0 robe
rPois   .          Reflect  .   (no helmet)
rElec   .          Harm     .   (no cloak)
rCorr   .          Rampage  .   (no gloves)
Will    .....                   (no boots)
Stlth   ++........              (no amulet)
HPRegen 0.08/turn               (no ring)
MPRegen 0.13/turn               (no ring)

@: no status effects
A: no striking features
a: no special abilities


You were on level 2 of the Dungeon.
You visited 1 branch of the dungeon, and saw 2 of its levels.

You collected 20 gold pieces.

Inventory:

Missiles
 d - 10 poisoned darts
 j - 68 stones
 k - 2 datura-tipped darts
Armour
 a - a +0 robe (worn)
Magical Staves
 e - a staff of earth
 l - a staff of cold
Scrolls
 b - a scroll of enchant armour {unknown}
 h - a scroll of acquirement {unknown}
 i - a scroll of torment {unknown}
 m - a scroll of teleportation {unknown}
 n - a scroll of identify {unknown}
Potions
 c - a potion of degeneration {unknown}
 f - 3 potions of curing {unknown}
 g - a potion of lignification {unknown}


   Skills:
 - Level 2.4 Dodging
 - Level 2.4 Stealth
 + Level 4.3 Spellcasting
 + Level 2.8 Conjurations
 + Level 4.2 Fire Magic


You had 5 spell levels left.
You knew the following spells:

 Your Spells              Type           Power      Damage    Failure   Level
a - Foxfire               Conj/Fire      80%        2x1d8     2%          1
b - Scorch                Fire           46%        2d7       3%          2
c - Conjure Flame         Conj/Fire      20%        6-21      8%          3

Your spell library contained the following spells:

 Spells                   Type           Power      Damage    Failure   Level
 Static Discharge         Conj/Air       10%        N/A       10%         2
 Inner Flame              Hex/Fire       14%        N/A       14%         3
 Flame Wave               Conj/Fire      20%        2d7       26%         4
 Lightning Bolt           Conj/Air       5%         1d17      86%         5
 Maxwell's Capacitive Co  Air            2%         ∞         100%        8


Dungeon Overview and Level Annotations

Branches:
Dungeon (2/15)

Altars:

Shops:
D:1 (

Annotations:
D:2 Crazy Yiuf, Sigmund


Message History

You see here a +0 leather armour.
Found a chain mail.
You see here a +0 chain mail.
Sigmund the Dreaded comes into view.
He is wielding a +0 scythe.
Sigmund is nearby!
Sigmund is nearby!
Sigmund is nearby!
You see here a +0 chain mail.
You see here a +0 leather armour.
Things that are here:
a +0 dagger; a kobold corpse This spell is quite dangerous to cast!
Memorise Conjure Flame, consuming 3 spell levels and leaving 5?
You start memorising the spell.
You continue memorising. x3
You finish memorising.
Spell assigned to 'c'.
Found a mace.
Found a runed translucent door.
Crazy Yiuf shouts!
You open the door.
Casting: Foxfire (safe; 2% risk of failure)
Confirm with . or Enter, or press ? or * to list all spells.
The spell is quite dangerous to miscast (8% risk of failure)!
Continue anyway?
The fire begins to smoulder!
Crazy Yiuf smothers the flame.
Casting: Conjure Flame (quite dangerous; 8% risk of failure)
Confirm with . or Enter, or press ? or * to list all spells.
Flames lash Crazy Yiuf.
Crazy Yiuf is heavily wounded.
Crazy Yiuf's fire resistance burns away.
Crazy Yiuf hits you with a +3 quarterstaff of chaos!
Crazy Yiuf says, "Tosser!"
Crazy Yiuf zaps a wand.
The puff of flame hits you!
* * * LOW HITPOINT WARNING * * *
Unknown command.
Casting: Scorch (safe; 3% risk of failure)
Confirm with . or Enter, or press ? or * to list all spells.
Flames lash Crazy Yiuf.
Crazy Yiuf is burned terribly!
Crazy Yiuf is severely wounded.
Crazy Yiuf waves his quarterstaff at you.
Crazy Yiuf hits you with a +3 quarterstaff of chaos!
You die...

#..# #.# #.## #.#
#..# #.######..##
#.# #.†#
#..........# #.#
#..# #########..#
#.# #..# ####
##.## #..# #...#
#..# #######
##..##### #..#
###...#.### ###
#.......# #..#
##......#.@##...#
##..###.# #..#
#......####g'...#
#..#.... #..#
#..#..## ###..)#
#..#.#.#
#..####.##### ###
#..#.#.#
#.)......#
#..#.#.#
#........#
#..#.#.#
#.#.###### ###
#..#.#.#
#.#.###### #.#
#.#.# #.#......#
#.# #[..#


You could see Crazy Yiuf (combustible).

Vanquished Creatures
  Natasha (D:2)
  2 adders (D:2)
  3 dart slugs
  3 bats
  2 endoplasms (D:1)
  3 giant cockroaches
  3 goblins (D:2)
  5 hobgoblins
  3 kobolds (D:2)
  A quokka (D:2)
  3 ball pythons
  4 frilled lizards
  9 rats
42 creatures vanquished.

Vanquished Creatures (others)
  192 foxfires
192 creatures vanquished.

Grand Total: 234 creatures vanquished

Notes
Turn   | Place    | Note
-------+----------+-------------------------------------------
     0 | D:1      | bnorton916 the Deep Elf Fire Elementalist began the quest
                  | for the Orb.
     0 | D:1      | Reached XP level 1. HP: 10/10 MP: 6/6
     5 | D:1      | Found a faded altar of an unknown god.
   219 | D:1      | Reached XP level 2. HP: 15/15 MP: 4/8
   813 | D:1      | Found Lotrowk's Weapon Boutique.
  1040 | D:2      | Noticed Natasha
  1047 | D:2      | Killed Natasha
  1048 | D:2      | Reached XP level 3. HP: 11/19 MP: 3/10
  1051 | D:2      | Learned a level 2 spell: Scorch
  1814 | D:2      | Reached XP level 4. HP: 24/24 MP: 9/12
  2207 | D:2      | Noticed Sigmund
  2249 | D:2      | Learned a level 3 spell: Conjure Flame
  2279 | D:2      | Found a runed translucent door.
  2280 | D:2      | Noticed Crazy Yiuf
  2288 | D:2      | Slain by Crazy Yiuf

Illustrated notes

Levels and vault maps discovered:
D:1:      dpeg_arrival_ratfight, layout_basic, serial_shops,
          nicolae_shop_statue_plus, ebering_ecumenical_altar_abandoned
D:2:      layout_basic, uniq_sigmund, uniq_crazy_yiuf_cottage, uniq_natasha

Skill      XL: |  1  2  3 |
---------------+----------+-----
Conjurations   | 2 |  2.8
Spellcasting   | 4 |  4.3
Fire Magic     | 4 |  4.2
Dodging        | |  2.4
Stealth        | |  2.4

Action                   |  1- 3 |  4- 6 || total
-------------------------+-------+-------++-------
 Cast: Foxfire           |    91 |    29 ||   120
       Scorch            |     2 |     4 ||     6
       Conjure Flame     |       |     1 ||     1
Armor: Robe              |     1 |       ||     1
Dodge: Dodged            |    13 |     2 ||    15
